 Dungeon Crawl Stone Soup version 0.27.1-33-g824d729ab1 (webtiles) character file.

Game seed: 5002337409621326450

653 13raion the Cleaver (level 7, -12/99 HPs)
             Began as a Minotaur Berserker on Dec 4, 2021.
             Was a Priest of Trog.
             Mangled by a two-headed ogre (19 damage)
             ... on level 5 of the Dungeon.
             The game lasted 00:09:28 (2873 turns).

13raion the Cleaver (Minotaur Berserker)            Turns: 2873, Time: 00:09:31

Health: -12/99     AC: 14    Str: 23    XL:     7   Next: 28%
Magic:  6/6        EV:  8    Int:  4    God:    Trog [***...]
Gold:   143        SH:  0    Dex: 10    Spells: 6/6 levels left

rFire    . . .     SeeInvis .   c - +0 war axe
rCold    . . .     Faith    .   (no shield)
rNeg     . . .     Spirit   .   m - +0 chain mail
rPois    .         Reflect  .   (helmet restricted)
rElec    .         Harm     .   (no cloak)
rCorr    .         Rampage  .   (no gloves)
Will     .....                  i - +0 pair of boots
Stlth    ..........             (no amulet)
HPRegen  0.26/turn              h - +4 ring of protection
MPRegen  0.10/turn              (no ring)

@: berserking, very quick
A: horns 2, retaliatory headbutt
a: Renounce Religion, Berserk, Trog's Hand


You were on level 5 of the Dungeon.
You worshipped Trog.
Trog was most pleased with you.
You visited 1 branch of the dungeon, and saw 5 of its levels.

You collected 143 gold pieces.

Inventory:

Hand Weapons
 c - a +0 war axe (weapon)
Armour
 i - a +0 pair of boots (worn)
 m - a +0 chain mail (worn)
Jewellery
 f - an amulet of faith
 h - a +4 ring of protection (left hand)
Scrolls
 a - a scroll of identify
Potions
 b - a potion of flight
 d - a potion of degeneration
 e - a potion of might
 g - a potion of ambrosia {unknown}
 l - a potion of berserk rage {unknown}
 n - a potion of magic {unknown}


   Skills:
 * Level 7.0 Fighting
 + Level 8.2 Axes
 + Level 2.5 Armour
 - Level 2.1 Dodging


You had 6 spell levels left.
You didn't know any spells.
Your spell library was empty.

Dungeon Overview and Level Annotations

Branches:
Dungeon (5/15)             Temple (0/1) D:4

Altars:
Trog

Shops:
D:4 *


Innate Abilities, Weirdness & Mutations

You have a pair of horns on your head.
You reflexively headbutt those who attack you in melee.


Message History

The orc priest hits you but does no damage.
You barely miss the orc priest.
The orc priest hits you but does no damage.
You slash the orc priest! You headbutt the orc priest.
The orc priest is severely wounded.
An adder comes into view.
The orc priest calls down the wrath of Beogh upon you.
Beogh smites you!
The adder hisses angrily.
You slash the two-headed ogre!
You headbutt the two-headed ogre, but do no damage.
The two-headed ogre is moderately wounded.
You slash the two-headed ogre! You headbutt the two-headed ogre.
The two-headed ogre is heavily wounded.
The two-headed ogre hits you with a +0 dire flail.
The two-headed ogre hits you with a +0 giant spiked club.
You slash the two-headed ogre!
The two-headed ogre is severely wounded.
You hit the adder but do no damage. The adder bites you but does no damage.
The two-headed ogre hits you with a +0 dire flail!!
The two-headed ogre completely misses you.
The adder barely misses you.
You slash the two-headed ogre!
The two-headed ogre is almost dead.
You slash the adder! The adder bites you but does no damage.
The orc priest calls down the wrath of Beogh upon you.
Beogh smites you!
* * * LOW HITPOINT WARNING * * *
The two-headed ogre hits you with a +0 dire flail.
* * * LOW HITPOINT WARNING * * *
The two-headed ogre barely misses you.
Okay, then.
Okay, then.
A red film seems to cover your vision as you go berserk!
You feel yourself moving faster!
You feel mighty! The adder barely misses you.
The adder bites you but does no damage.
The two-headed ogre hits you with a +0 dire flail.
* * * LOW HITPOINT WARNING * * *
The two-headed ogre hits you with a +0 giant spiked club!!
You die...

.s### .... ...
... #.# # #.#
#
#.#..####s#.##
#....S@Oo...#
##..####o#..#
# ....)...
###......#
#..##.# ..# #
O.. >##


You could see a two-headed ogre, a scorpion, 2 orc priests and an adder.

Vanquished Creatures
  Sigmund (D:2)
  An orc warrior (D:4)
  The ghost of makewrite the Skirmisher, a weakling MiAK of Lugonu (D:3)
  A water moccasin skeleton (D:4)
  A centaur skeleton (D:4)
  Terence (D:2)
  Jessica (D:2)
  2 orc wizards (D:4)
  4 gnolls (D:4)
  4 adders
  An adder zombie (D:5)
  2 worms (D:2)
  3 dart slugs
  9 orcs (D:4)
  3 ball pythons
  4 bats
  2 endoplasms
  3 giant cockroaches
  8 goblins
  11 hobgoblins
  5 jackals
  4 kobolds
  2 quokkas
  4 frilled lizards
  9 rats
87 creatures vanquished.

Vanquished Creatures (others)
  12 plants
12 creatures vanquished.

Grand Total: 99 creatures vanquished

Notes
Turn   | Place    | Note
-------+----------+-------------------------------------------
     0 | D:1      | 13raion the Minotaur Berserker began the quest for the Orb.
     0 | D:1      | Reached XP level 1. HP: 19/19 MP: 0/0
   135 | D:1      | Reached skill level 4 in Axes
   135 | D:1      | Reached XP level 2. HP: 27/27 MP: 1/1
   514 | D:1      | Found a faded altar of an unknown god.
   626 | D:1      | Reached XP level 3. HP: 34/34 MP: 2/2
   714 | D:2      | Noticed Jessica
   716 | D:2      | Killed Jessica
   766 | D:2      | Reached ** piety under Trog
   768 | D:2      | Reached skill level 5 in Axes
   771 | D:2      | You fall into a shaft and drop 1 floor!
   835 | D:2      | Reached XP level 4. HP: 38/41 MP: 3/3
  1198 | D:2      | Noticed Sigmund
  1206 | D:2      | Killed Sigmund
  1207 | D:2      | Reached skill level 5 in Fighting
  1207 | D:2      | Reached skill level 6 in Axes
  1207 | D:2      | Reached XP level 5. HP: 41/50 MP: 4/4
  1411 | D:2      | Noticed Terence
  1415 | D:2      | Killed Terence
  1416 | D:2      | Reached XP level 6. HP: 57/57 MP: 5/5
  1606 | D:3      | Found a runed translucent door.
  1610 | D:3      | Noticed makewrite's ghost (weakling MiAK)
  1843 | D:3      | Reached *** piety under Trog
  2101 | D:3      | Killed makewrite's ghost
  2102 | D:3      | Reached skill level 7 in Axes
  2253 | D:4      | Noticed an orc warrior
  2260 | D:4      | Killed an orc warrior
  2267 | D:4      | Reached XP level 7. HP: 54/64 MP: 6/6
  2472 | D:4      | Reached skill level 8 in Axes
  2543 | D:4      | Found a bloodstained altar of Trog.
  2659 | D:4      | Found Oxta Gukh's Assorted Antiques.
  2839 | D:4      | Found a staircase to the Ecumenical Temple.
  2858 | D:5      | Entered Level 5 of the Dungeon
  2859 | D:5      | Noticed a two-headed ogre
  2873 | D:5      | Mangled by a two-headed ogre

Illustrated notes

Levels and vault maps discovered:
D:1:      tarquinn_simple_flora_water_a, layout_rooms,
          chequers_ecumenical_altar_lobes
D:2:      layout_loops_ring, uniq_jessica, uniq_sigmund, uniq_terence
D:3:      layout_loops_ring, ebering_ghost_reflecting_pool, minmay_crystal_room
D:4:      layout_rooms, trog_three_pillars_becter,
          minmay_temple_entry_enclosed_plants, serial_shops,
          nicolae_shop_crystal
D:5:      layout_loops_ring, gammafunk_temple_overflow_wave,
          serial_bayou_lagoon_a, uniq_duvessa

Skill      XL: |  1  2  3  4  5  6  7 |
---------------+----------------------+-----
Fighting       | 4 5 6 7 |  7.0
Axes           | 4 5 6 7 8 |  8.2
Armour         | |  2.5
Dodging        | |  2.1

Action                   |  1- 3 |  4- 6 |  7- 9 || total
-------------------------+-------+-------+-------++-------
Melee: Hand axe          |    58 |    45 |       ||   103
       Headbutt          |     8 |    16 |    12 ||    36
       War axe           |       |    34 |    38 ||    72
Invok: Berserk           |       |       |     1 ||     1
  Use: Scroll            |     1 |       |     5 ||     6
Armor: Animal skin       |     2 |       |       ||     2
       Ring mail         |    18 |    19 |       ||    37
       Chain mail        |       |    14 |    21 ||    35
Dodge: Dodged            |    42 |    40 |    15 ||    97
